Admirals vs Comets
Created - February 14, 2023 at 19:17
Goals
|
| Admirals |
0 |
2 |
2 |
4 |
| Comets |
0 |
2 |
0 |
2 |
|
Shots
|
| Admirals |
12 |
10 |
17 |
39 |
| Comets |
8 |
16 |
9 |
33 |
|
1st period
No Goal
Penalties :
No Penalty
2nd period
1. Comets , Hudson Fasching 12 (Chandler Stephenson 15, Justin Bailey 3) at 10:38 (PP)
2. Comets , Justin Bailey 4 (Gustav Lindstrom 2) at 13:11
3. Admirals , Anton Gustafsson 15 (Joel Armia 24, Markus Granlund 26) at 14:59
4. Admirals , Nolan Vesey 14 (Brett Connolly 8, Travis Dermott 24) at 18:41
Penalties :
T.J Brodie (Mil) for Close Hand On Puck (Minor) at 9:33
3rd period
5. Admirals , Lucas Wallmark 6 (Andreas Englund 17) at 3:23
6. Admirals , Freddie Hamilton 5 (Mattias Backman 8, Riley Barber 10) at 18:01
Penalties :
Dennis Everberg (Uti) for Hooking (Minor) at 5:53, Dennis Everberg (Uti) for Hooking (Minor) at 12:05, Riley Barber (Mil) for Hooking (Minor) at 15:32
Goalie Stats
Tristan Jarry (Mil), 31 saves from 33 shots - (0.939), W, 13-15-1, 60:00 minutes
Casey DeSmith (Uti), 35 saves from 39 shots - (0.897), L, 6-5-1, 60:00 minutes
Players Stats for Admirals
Player Name G A P +/- PIM S H SB GA TA FO MP PP MP PK MP
------------------------------------------------------------------------------------
Alexandre Mallet 0 0 0 0 0 0 1 0 0 0 0/0 11:23 0:00 0:36
Andreas Englund 0 1 1 2 0 4 1 3 0 0 0/0 18:08 1:42 0:50
Anton Gustafsson 1 0 1 1 0 2 3 0 0 0 11/23 20:51 2:21 1:51
Brett Connolly 0 1 1 1 0 2 0 0 1 0 0/0 10:55 0:09 0:00
Carl Dahlstrom 0 0 0 0 0 0 0 0 0 1 0/0 11:30 0:00 0:00
Christian Djoos 0 0 0 0 0 0 1 1 0 1 0/0 11:30 0:00 0:00
Freddie Hamilton 1 0 1 1 0 3 1 0 0 0 2/3 10:35 0:00 0:00
Hunter Shinkaruk 0 0 0 1 0 2 0 0 0 0 0/0 16:03 1:28 0:00
Ian Mitchell 0 0 0 0 0 0 0 0 0 0 0/0 0:51 0:00 0:51
Joel Armia 0 1 1 1 0 3 2 0 0 0 0/2 19:37 2:21 0:37
Josh Norris 0 0 0 0 0 0 0 0 0 0 0/0 0:30 0:09 0:10
Josh Wesley 0 0 0 0 0 0 0 0 0 0 0/0 6:31 0:00 0:00
Lucas Wallmark 1 0 1 1 0 1 1 0 1 0 7/13 16:14 1:28 0:00
Mark MacMillan 0 0 0 0 0 0 0 0 0 0 0/0 0:31 0:09 0:00
Mark McNeill 0 0 0 1 0 8 1 0 0 2 0/0 16:51 1:28 0:37
Markus Granlund 0 1 1 1 0 2 1 1 1 2 1/4 20:51 2:21 1:51
Mattias Backman 0 1 1 1 0 1 0 1 0 2 0/0 23:51 2:16 2:14
Nolan Vesey 1 0 1 1 0 4 2 0 1 0 0/0 10:35 0:00 0:00
Olli Juolevi 0 0 0 0 0 0 0 0 0 0 0/0 6:31 0:00 0:00
Reilly Walsh 0 0 0 0 0 0 0 0 0 0 0/0 0:00 0:00 0:00
Riley Barber 0 1 1 0 2 1 2 0 0 0 0/0 10:46 0:00 0:00
Ryan Olsen 0 0 0 0 0 0 0 0 2 0 1/3 10:25 0:00 0:00
Stanislav Galiev 0 0 0 0 0 0 0 0 0 0 0/0 0:48 0:00 0:26
T.J Brodie 0 0 0 1 2 3 0 3 0 0 0/0 22:59 2:16 1:23
Travis Dermott 0 1 1 2 0 3 0 2 1 1 0/0 18:08 1:42 0:50
Players Stats for Comets
Player Name G A P +/- PIM S H SB GA TA FO MP PP MP PK MP
------------------------------------------------------------------------------------
Adam Ollas-Mattsson 0 0 0 -1 0 3 0 2 0 1 0/0 18:07 0:56 1:30
Anton Karlsson 0 0 0 -2 0 2 1 0 1 0 0/0 10:59 0:00 1:22
Anton Zlobin 0 0 0 0 0 0 0 0 0 0 0/0 0:34 0:07 0:00
Brandon Biro 0 0 0 0 0 0 0 0 0 0 2/5 2:26 0:00 1:57
Chandler Stephenson 0 1 1 0 0 1 1 2 0 0 7/11 15:40 1:03 1:44
Dan Renouf 0 0 0 -1 0 2 0 2 0 0 0/0 18:07 0:56 1:30
Daniil Miromanov 0 0 0 1 0 0 1 0 0 0 0/0 6:37 0:00 0:00
Dennis Everberg 0 0 0 -1 4 2 2 0 1 0 0/0 19:53 1:53 0:00
Gustav Lindstrom 0 1 1 1 0 0 0 0 0 2 0/0 6:37 0:00 0:00
Hudson Fasching 1 0 1 0 0 3 0 2 1 0 0/0 13:59 1:04 0:00
Jack Rathbone 0 0 0 0 0 0 0 0 0 0 0/0 0:00 0:00 0:00
Juho Lammikko 0 0 0 0 0 0 2 0 0 0 1/2 12:30 0:07 0:00
Justin Bailey 1 1 2 0 0 2 2 2 0 0 2/2 14:11 1:04 0:12
Juuso Riikola 0 0 0 0 0 1 0 0 0 0 0/0 24:09 2:08 2:28
Mackenzie MacEachern 0 0 0 0 0 1 1 0 1 0 0/0 12:10 0:00 0:00
Michael Joly 0 0 0 -2 0 1 0 0 1 0 0/2 9:24 0:00 0:00
Nicolas Petan 0 0 0 -1 0 2 2 0 0 1 12/21 19:59 1:53 0:17
Oliver Kylington 0 0 0 0 0 5 0 2 2 2 0/0 24:09 2:08 2:28
Oskar Steen 0 0 0 0 0 0 0 0 0 0 0/0 0:00 0:00 0:00
Rasmus Asplund 0 0 0 -2 0 2 0 0 0 0 1/1 9:24 0:00 0:00
Sami Niku 0 0 0 -3 0 0 1 0 0 0 0/0 11:07 0:00 0:00
Teemu Pulkkinen 0 0 0 -1 0 4 1 0 2 0 0/0 22:06 1:53 2:24
Tyler Graovac 0 0 0 0 0 1 3 0 0 0 1/4 12:10 0:00 0:00
William Lagesson 0 0 0 -3 0 1 0 4 0 1 0/0 11:07 0:00 0:00
William Lockwood 0 0 0 0 0 0 0 0 0 0 0/0 0:35 0:08 0:00
3 Stars
1 - Anton Gustafsson (Mil)
2 - Nolan Vesey (Mil)
3 - Justin Bailey (Uti)
Power Play
Admirals - 0 on 2 Attempt(s) - 0.00%
Comets - 1 on 2 Attempt(s) - 50.00%
Penalty Kill
Admirals - 1 on 2 Attempt(s) - 50.00%
- Score 0 goal in Penalty Kill
Comets - 2 on 2 Attempt(s) - 100.00%
- Score 0 goal in Penalty Kill
Team Stat
Admirals - Hits : 16 - Faceoff Wins : 22 - Blocked Shots : 11 - Penalty Minutes : 4
Comets - Hits : 17 - Faceoff Wins : 26 - Blocked Shots : 16 - Penalty Minutes : 4
Official
Referees : Justin St. Pierre and Ian Walsh
Linesman : Julien Fournier and Greg Devorski
Game Notes
No Game Note
Finance
Level 1 -- Attendance: 2000 (100.00%) -- Ticket Income $70,000
Level 2 -- Attendance: 1000 (100.00%) -- Ticket Income $15,000
Total Attendance: 3000 (100.00%)
Total Ticket Income: $85,000
Other Income: $4,250
Total Income: $89,250
Admirals
5 vs 5 Forward
Center Left Wing Right Wing Time % Phy DF OF
1 Anton Gustafsson Markus Granlund Joel Armia 40 1 2 2
2 Lucas Wallmark Hunter Shinkaruk Mark McNeill 30 1 2 2
3 Freddie Hamilton Nolan Vesey Brett Connolly 20 1 2 2
4 Ryan Olsen Alexandre Mallet Riley Barber 10 1 2 2
5 vs 5 Defense
Defense Defense Time % Phy DF OF
1 T.J Brodie Mattias Backman 40 1 2 2
2 Travis Dermott Andreas Englund 30 1 2 2
3 Christian Djoos Carl Dahlstrom 20 1 2 2
4 Olli Juolevi Josh Wesley 10 1 2 2
PowerPlay Forward
Center Left Wing Right Wing Time % Phy DF OF
1 Anton Gustafsson Markus Granlund Joel Armia 60 1 2 2
2 Lucas Wallmark Hunter Shinkaruk Mark McNeill 40 1 2 2
PowerPlay Defense
Defense Defense Time % Phy DF OF
1 T.J Brodie Mattias Backman 60 1 2 2
2 Travis Dermott Andreas Englund 40 1 2 2
Penalty Kill 4 Players Forward
Center Wing Time % Phy DF OF
1 Markus Granlund Anton Gustafsson 60 1 2 2
2 Joel Armia Mark McNeill 40 1 2 2
Penalty Kill 4 Players Defense
Defense Defense Time % Phy DF OF
1 T.J Brodie Mattias Backman 60 1 2 2
2 Travis Dermott Andreas Englund 40 1 2 2
Penalty Kill - 3 Players Forward
Forward Time % Phy DF OF
1 Markus Granlund 60 1 2 2
2 Anton Gustafsson 40 1 2 2
Penalty Kill - 3 Players Defense
Defense Defense Time % Phy DF OF
1 T.J Brodie Mattias Backman 60 1 2 2
2 Travis Dermott Andreas Englund 40 1 2 2
4 vs 4 Forward
Center Wing Time % Phy DF OF
1 Markus Granlund Anton Gustafsson 60 1 2 2
2 Joel Armia Mark McNeill 40 1 2 2
4 vs 4 Defense
Defense Defense Time % Phy DF OF
1 T.J Brodie Mattias Backman 60 1 2 2
2 Travis Dermott Andreas Englund 40 1 2 2
Last Minutes Offensive
Center Left Wing Right Wing Defense Defense
Anton Gustafsson Markus Granlund Joel Armia T.J Brodie Mattias Backman
Last Minutes Defensive
Center Left Wing Right Wing Defense Defense
Anton Gustafsson Markus Granlund Joel Armia T.J Brodie Mattias Backman
Goaltenders
Starting : Tristan Jarry
Backup : Linus Ullmark
Extra Forwards
Normal : Mark MacMillan, Josh Norris, Stanislav Galiev - PP : Mark MacMillan, Josh Norris - PK : Stanislav Galiev
Extra Defensemen
Normal : Reilly Walsh, Ian Mitchell, Christian Djoos - PP : Reilly Walsh - PK : Ian Mitchell, Christian Djoos
Penalty Shots
Markus Granlund, Anton Gustafsson, Joel Armia, Mark McNeill, Lucas Wallmark
Scratches
Joni Ikonen (Healthy), Filip Chlapik (Healthy), Kristian Vesalainen (Healthy), Sergei Zborovskiy (Healthy), Troy Bourke (Healthy)
Kasper Bjorkqvist (Left Leg Injury), Carsen Twarynski (Healthy), Libor Hajek (Healthy), Felix Sanstrom (Healthy)
Comets
5 vs 5 Forward
Center Left Wing Right Wing Time % Phy DF OF
1 Nicolas Petan Teemu Pulkkinen Dennis Everberg 40 1 2 2
2 Chandler Stephenson Justin Bailey Hudson Fasching 30 1 2 2
3 Tyler Graovac Mackenzie MacEachern Juho Lammikko 20 1 2 2
4 Rasmus Asplund Anton Karlsson Michael Joly 10 1 2 2
5 vs 5 Defense
Defense Defense Time % Phy DF OF
1 Juuso Riikola Oliver Kylington 40 1 2 2
2 Dan Renouf Adam Ollas-Mattsson 30 1 2 2
3 William Lagesson Sami Niku 20 1 2 2
4 Gustav Lindstrom Daniil Miromanov 10 1 2 2
PowerPlay Forward
Center Left Wing Right Wing Time % Phy DF OF
1 Nicolas Petan Teemu Pulkkinen Dennis Everberg 60 1 2 2
2 Chandler Stephenson Justin Bailey Hudson Fasching 40 1 2 2
PowerPlay Defense
Defense Defense Time % Phy DF OF
1 Juuso Riikola Oliver Kylington 60 1 2 2
2 Dan Renouf Adam Ollas-Mattsson 40 1 2 2
Penalty Kill 4 Players Forward
Center Wing Time % Phy DF OF
1 Dennis Everberg Teemu Pulkkinen 60 1 2 2
2 Justin Bailey Hudson Fasching 40 1 2 2
Penalty Kill 4 Players Defense
Defense Defense Time % Phy DF OF
1 Juuso Riikola Oliver Kylington 60 1 2 2
2 Dan Renouf Adam Ollas-Mattsson 40 1 2 2
Penalty Kill - 3 Players Forward
Forward Time % Phy DF OF
1 Dennis Everberg 60 1 2 2
2 Teemu Pulkkinen 40 1 2 2
Penalty Kill - 3 Players Defense
Defense Defense Time % Phy DF OF
1 Juuso Riikola Oliver Kylington 60 1 2 2
2 Dan Renouf Adam Ollas-Mattsson 40 1 2 2
4 vs 4 Forward
Center Wing Time % Phy DF OF
1 Dennis Everberg Teemu Pulkkinen 60 1 2 2
2 Justin Bailey Hudson Fasching 40 1 2 2
4 vs 4 Defense
Defense Defense Time % Phy DF OF
1 Juuso Riikola Oliver Kylington 60 1 2 2
2 Dan Renouf Adam Ollas-Mattsson 40 1 2 2
Last Minutes Offensive
Center Left Wing Right Wing Defense Defense
Nicolas Petan Teemu Pulkkinen Dennis Everberg Juuso Riikola Oliver Kylington
Last Minutes Defensive
Center Left Wing Right Wing Defense Defense
Nicolas Petan Teemu Pulkkinen Dennis Everberg Juuso Riikola Oliver Kylington
Goaltenders
Starting : Casey DeSmith
Backup : Thatcher Demko
Extra Forwards
Normal : William Lockwood, Anton Zlobin, Brandon Biro - PP : William Lockwood, Anton Zlobin - PK : Brandon Biro
Extra Defensemen
Normal : Jack Rathbone, William Lagesson, Sami Niku - PP : Jack Rathbone - PK : William Lagesson, Sami Niku
Penalty Shots
Dennis Everberg, Teemu Pulkkinen, Justin Bailey, Hudson Fasching, Nicolas Petan
Scratches
Andrej Nestrasil (Healthy), Jaret Anderson-Dolan (Healthy), Phil Di Giuseppe (Healthy), Dmitry Sokolov (Healthy), Marek Langhamer (Healthy)
Michael Dipietro (Healthy)
% Time on Ice - Admirals
Lines # - Real PCT - Wanted PCT - Time Play
Normal Forward
1 - 32% - 40% - 17:12
2 - 28% - 30% - 14:46
3 - 20% - 20% - 10:35
4 - 20% - 10% - 10:25
Normal Defense
1 - 37% - 40% - 19:21
2 - 29% - 30% - 15:36
3 - 22% - 20% - 11:30
4 - 12% - 10% - 6:31
PP Forward
1 - 63% - 60% - 2:30
2 - 37% - 40% - 1:28
PP Defense
1 - 57% - 60% - 2:16
2 - 43% - 40% - 1:42
PK Forward
1 - 80% - 60% - 2:27
2 - 20% - 40% - 0:37
PK Defense
1 - 73% - 60% - 2:14
2 - 27% - 40% - 0:50
PK3 Forward
1 - 0% - 60%
2 - 0% - 40%
PK3 Defense
1 - 0% - 60%
2 - 0% - 40%
44 Forward
1 - 0% - 60%
2 - 0% - 40%
44 Defense
1 - 0% - 60%
2 - 0% - 40%
Last Minute Offensive - 0:00
Last Minute Defensive - 0:00
Total
Forward - 60:00
Defense - 60:00
|
% Time on Ice - Comets
Lines # - Real PCT - Wanted PCT - Time Play
Normal Forward
1 - 35% - 40% - 18:29
2 - 24% - 30% - 12:55
3 - 23% - 20% - 12:10
4 - 18% - 10% - 9:24
Normal Defense
1 - 37% - 40% - 19:33
2 - 30% - 30% - 15:41
3 - 21% - 20% - 11:07
4 - 12% - 10% - 6:37
PP Forward
1 - 65% - 60% - 2:00
2 - 35% - 40% - 1:04
PP Defense
1 - 70% - 60% - 2:08
2 - 30% - 40% - 0:56
PK Forward
1 - 100% - 60% - 3:58
2 - 0% - 40% - 0:00
PK Defense
1 - 62% - 60% - 2:28
2 - 38% - 40% - 1:30
PK3 Forward
1 - 0% - 60%
2 - 0% - 40%
PK3 Defense
1 - 0% - 60%
2 - 0% - 40%
44 Forward
1 - 0% - 60%
2 - 0% - 40%
44 Defense
1 - 0% - 60%
2 - 0% - 40%
Last Minute Offensive - 0:00
Last Minute Defensive - 0:00
Total
Forward - 60:00
Defense - 60:00
|
Play-by-Play
1st period
0:01 of 1st period - Anton Gustafsson wins face-off versus Nicolas Petan in neutral zone.
0:55 of 1st period - Slapshot by Mackenzie MacEachern.
0:55 of 1st period - Shot Misses the Net.
0:57 of 1st period - Snap shot by Rasmus Asplund.
0:57 of 1st period - Deflect By Anton Karlsson.
0:57 of 1st period - Shot Misses the Net.
0:57 of 1st period - Puck is out of play.
0:58 of 1st period - Ryan Olsen wins face-off versus Tyler Graovac in Admirals zone.
1:05 of 1st period - Gustav Lindstrom is hit by Riley Barber and loses puck.
1:43 of 1st period - Icing by Hunter Shinkaruk.
1:44 of 1st period - Chandler Stephenson wins face-off versus Lucas Wallmark in Admirals zone.
1:47 of 1st period - Snap shot by Hudson Fasching.
1:47 of 1st period - Stopped by Tristan Jarry without a rebound.
1:48 of 1st period - Justin Bailey wins face-off versus Lucas Wallmark in Admirals zone.
2:03 of 1st period - Slapshot by Oliver Kylington.
2:03 of 1st period - Shot Blocked by Andreas Englund.
2:09 of 1st period - Snap shot by Travis Dermott.
2:09 of 1st period - Stopped by Casey DeSmith with a rebound.
2:35 of 1st period - Chandler Stephenson is hit by Lucas Wallmark.
2:55 of 1st period - Slapshot by Hunter Shinkaruk.
2:55 of 1st period - Stopped by Casey DeSmith without a rebound.
2:56 of 1st period - Nicolas Petan wins face-off versus Anton Gustafsson in Comets zone.
3:21 of 1st period - Freddie Hamilton is hit by Tyler Graovac and loses puck.
3:44 of 1st period - Wrist shot by Anton Karlsson.
3:44 of 1st period - Shot Blocked by Mattias Backman.
3:48 of 1st period - Wrist shot by Michael Joly.
3:48 of 1st period - Shot Misses the Net.
4:54 of 1st period - Snap shot by Mackenzie MacEachern.
4:54 of 1st period - Stopped by Tristan Jarry with a rebound.
5:06 of 1st period - Snap shot by Hunter Shinkaruk.
5:06 of 1st period - Shot Misses the Net.
6:49 of 1st period - Wrist shot by Mackenzie MacEachern.
6:49 of 1st period - Shot Hit the Post.
7:39 of 1st period - Ryan Olsen is hit by Dennis Everberg and loses puck.
7:53 of 1st period - Slapshot by Riley Barber.
7:53 of 1st period - Shot Misses the Net.
7:55 of 1st period - Snap shot by Riley Barber.
7:55 of 1st period - Shot Misses the Net.
8:35 of 1st period - Oliver Kylington is hit by Riley Barber.
9:27 of 1st period - Snap shot by Riley Barber.
9:27 of 1st period - Shot Misses the Net.
10:27 of 1st period - Slapshot by Teemu Pulkkinen.
10:27 of 1st period - Stopped by Tristan Jarry without a rebound.
10:28 of 1st period - Anton Gustafsson wins face-off versus Chandler Stephenson in Admirals zone.
10:35 of 1st period - Snap shot by Joel Armia.
10:35 of 1st period - Shot Misses the Net.
11:01 of 1st period - Wrist shot by Joel Armia.
11:01 of 1st period - Stopped by Casey DeSmith without a rebound.
11:02 of 1st period - Lucas Wallmark wins face-off versus Michael Joly in Comets zone.
11:03 of 1st period - Wrist shot by Mark McNeill.
11:03 of 1st period - Stopped by Casey DeSmith with a rebound.
11:05 of 1st period - Backhand shot by Andreas Englund.
11:05 of 1st period - Stopped by Casey DeSmith with a rebound.
11:07 of 1st period - Wrist shot by Lucas Wallmark.
11:07 of 1st period - Shot Blocked by William Lagesson.
11:09 of 1st period - Backhand shot by Mark McNeill.
11:09 of 1st period - Stopped by Casey DeSmith with a rebound.
11:11 of 1st period - Slapshot by Andreas Englund.
11:11 of 1st period - Shot Blocked by William Lagesson.
11:13 of 1st period - Wrist shot by Andreas Englund.
11:13 of 1st period - Stopped by Casey DeSmith without a rebound.
11:14 of 1st period - Anton Gustafsson wins face-off versus Chandler Stephenson in Comets zone.
11:17 of 1st period - Snap shot by Anton Gustafsson.
11:17 of 1st period - Shot Misses the Net.
11:49 of 1st period - Slapshot by Mark McNeill.
11:49 of 1st period - Stopped by Casey DeSmith without a rebound.
11:50 of 1st period - Lucas Wallmark wins face-off versus Tyler Graovac in Comets zone.
12:47 of 1st period - Wrist shot by Joel Armia.
12:47 of 1st period - Shot Misses the Net.
13:35 of 1st period - Lucas Wallmark is hit by Anton Karlsson and loses puck.
13:53 of 1st period - Icing by Juho Lammikko.
13:54 of 1st period - Tyler Graovac wins face-off versus Freddie Hamilton in Comets zone.
13:54 of 1st period - Tyler Graovac is hit by Nolan Vesey.
14:16 of 1st period - Slapshot by Joel Armia.
14:16 of 1st period - Stopped by Casey DeSmith with a rebound.
14:40 of 1st period - Wrist shot by Anton Karlsson.
14:40 of 1st period - Stopped by Tristan Jarry with a rebound.
14:42 of 1st period - Slapshot by Oliver Kylington.
14:42 of 1st period - Stopped by Tristan Jarry without a rebound.
14:43 of 1st period - Juho Lammikko wins face-off versus Anton Gustafsson in Admirals zone.
15:14 of 1st period - Snap shot by Hunter Shinkaruk.
15:14 of 1st period - Stopped by Casey DeSmith with a rebound.
15:16 of 1st period - Wrist shot by Mark McNeill.
15:16 of 1st period - Stopped by Casey DeSmith with a rebound.
15:18 of 1st period - Snap shot by Mark McNeill.
15:18 of 1st period - Stopped by Casey DeSmith with a rebound.
15:20 of 1st period - Snap shot by Hunter Shinkaruk.
15:20 of 1st period - Shot Blocked by Adam Ollas-Mattsson.
15:34 of 1st period - Wrist shot by Hudson Fasching.
15:34 of 1st period - Stopped by Tristan Jarry with a rebound.
15:36 of 1st period - Backhand shot by Adam Ollas-Mattsson.
15:36 of 1st period - Shot Hit the Post.
15:38 of 1st period - Slapshot by Dan Renouf.
15:38 of 1st period - Shot Blocked by Christian Djoos.
15:40 of 1st period - Wrist shot by Chandler Stephenson.
15:40 of 1st period - Shot Misses the Net.
15:42 of 1st period - Slapshot by Dan Renouf.
15:42 of 1st period - Stopped by Tristan Jarry with a rebound.
15:52 of 1st period - Rasmus Asplund is hit by Anton Gustafsson and loses puck.
16:29 of 1st period - Teemu Pulkkinen is hit by Alexandre Mallet and loses puck.
16:50 of 1st period - T.J Brodie is hit by Sami Niku and loses puck.
18:09 of 1st period - Riley Barber is hit by Daniil Miromanov and loses puck.
18:30 of 1st period - Snap shot by Anton Karlsson.
18:30 of 1st period - Shot Blocked by Travis Dermott.
18:32 of 1st period - Backhand shot by Rasmus Asplund.
18:32 of 1st period - Stopped by Tristan Jarry with a rebound.
Goals for this period are 0 for Admirals vs 0 for Comets.
Shots for this period are 12 for Admirals vs 8 for Comets.
2nd period
0:01 of 2nd period - Anton Gustafsson wins face-off versus Nicolas Petan in neutral zone.
0:04 of 2nd period - Adam Ollas-Mattsson is hit by Joel Armia and loses puck.
0:49 of 2nd period - Snap shot by Rasmus Asplund.
0:49 of 2nd period - Deflect By Anton Karlsson.
0:49 of 2nd period - Deflect By T.J Brodie.
0:49 of 2nd period - Shot Blocked by T.J Brodie.
0:49 of 2nd period - Puck is out of play.
0:50 of 2nd period - Rasmus Asplund wins face-off versus Joel Armia in Admirals zone.
0:57 of 2nd period - Wrist shot by Anton Karlsson.
0:57 of 2nd period - Stopped by Tristan Jarry with a rebound.
1:27 of 2nd period - Wrist shot by Nicolas Petan.
1:27 of 2nd period - Shot Misses the Net.
1:47 of 2nd period - Slapshot by Chandler Stephenson.
1:47 of 2nd period - Shot Misses the Net.
2:53 of 2nd period - Wrist shot by Freddie Hamilton.
2:53 of 2nd period - Deflect By Brett Connolly.
2:53 of 2nd period - Stopped by Casey DeSmith without a rebound.
2:54 of 2nd period - Chandler Stephenson wins face-off versus Anton Gustafsson in Comets zone.
3:05 of 2nd period - Snap shot by Joel Armia.
3:05 of 2nd period - Shot Blocked by Hudson Fasching.
3:07 of 2nd period - Snap shot by Markus Granlund.
3:07 of 2nd period - Shot Blocked by Chandler Stephenson.
3:09 of 2nd period - Slapshot by Andreas Englund.
3:09 of 2nd period - Stopped by Casey DeSmith with a rebound.
3:40 of 2nd period - Mackenzie MacEachern is hit by Freddie Hamilton and loses puck.
5:55 of 2nd period - Tyler Graovac is hit by Joel Armia.
6:07 of 2nd period - Juho Lammikko is hit by Christian Djoos and loses puck.
6:15 of 2nd period - Off-side.
6:16 of 2nd period - Nicolas Petan wins face-off versus Lucas Wallmark in neutral zone.
7:23 of 2nd period - Off-side.
7:24 of 2nd period - Lucas Wallmark wins face-off versus Michael Joly in neutral zone.
8:17 of 2nd period - Slapshot by Dennis Everberg.
8:17 of 2nd period - Stopped by Tristan Jarry without a rebound.
8:18 of 2nd period - Chandler Stephenson wins face-off versus Ryan Olsen in Admirals zone.
8:24 of 2nd period - Icing by Riley Barber.
8:25 of 2nd period - Chandler Stephenson wins face-off versus Ryan Olsen in Admirals zone.
8:26 of 2nd period - Wrist shot by Justin Bailey.
8:26 of 2nd period - Stopped by Tristan Jarry with a rebound.
8:52 of 2nd period - Slapshot by Travis Dermott.
8:52 of 2nd period - Shot Misses the Net.
8:58 of 2nd period - Slapshot by Riley Barber.
8:58 of 2nd period - Shot Misses the Net.
9:00 of 2nd period - Snap shot by Travis Dermott.
9:00 of 2nd period - Shot Blocked by Justin Bailey.
9:02 of 2nd period - Snap shot by Riley Barber.
9:02 of 2nd period - Stopped by Casey DeSmith with a rebound.
9:04 of 2nd period - Slapshot by Riley Barber.
9:04 of 2nd period - Shot Misses the Net.
9:11 of 2nd period - Off-side.
9:12 of 2nd period - Nicolas Petan wins face-off versus Anton Gustafsson in neutral zone.
9:33 of 2nd period - Minor Penalty to T.J Brodie for Close Hand On Puck.
9:34 of 2nd period - Markus Granlund wins face-off versus Nicolas Petan in Admirals zone.
10:19 of 2nd period - Juuso Riikola is hit by Mark McNeill and loses puck.
10:24 of 2nd period - Slapshot by Travis Dermott.
10:24 of 2nd period - Deflect By Nicolas Petan.
10:24 of 2nd period - Stopped by Casey DeSmith with a rebound.
10:26 of 2nd period - Slapshot by Travis Dermott.
10:26 of 2nd period - Deflect By Mark McNeill.
10:26 of 2nd period - Stopped by Casey DeSmith without a rebound.
10:27 of 2nd period - Chandler Stephenson wins face-off versus Markus Granlund in Comets zone.
10:38 of 2nd period - Wrist shot by Hudson Fasching.
10:38 of 2nd period - Goal by Hudson Fasching - Admirals : 0 - Comets : 1.
10:39 of 2nd period - Justin Bailey wins face-off versus Markus Granlund in neutral zone.
10:43 of 2nd period - Off-side.
10:44 of 2nd period - Chandler Stephenson wins face-off versus Anton Gustafsson in neutral zone.
10:55 of 2nd period - Snap shot by Hudson Fasching.
10:55 of 2nd period - Shot Blocked by Markus Granlund.
10:57 of 2nd period - Slapshot by Oliver Kylington.
10:57 of 2nd period - Stopped by Tristan Jarry with a rebound.
10:59 of 2nd period - Snap shot by Chandler Stephenson.
10:59 of 2nd period - Shot Misses the Net.
11:38 of 2nd period - Snap shot by Dennis Everberg.
11:38 of 2nd period - Shot Misses the Net.
11:40 of 2nd period - Slapshot by Teemu Pulkkinen.
11:40 of 2nd period - Stopped by Tristan Jarry with a rebound.
11:54 of 2nd period - Lucas Wallmark is hit by Justin Bailey and loses puck.
12:19 of 2nd period - Slapshot by Brett Connolly.
12:19 of 2nd period - Shot Blocked by William Lagesson.
13:11 of 2nd period - Snap shot by Justin Bailey.
13:11 of 2nd period - Goal by Justin Bailey - Admirals : 0 - Comets : 2.
13:12 of 2nd period - Nicolas Petan wins face-off versus Anton Gustafsson in neutral zone.
14:28 of 2nd period - Slapshot by Anton Karlsson.
14:28 of 2nd period - Shot Misses the Net.
14:30 of 2nd period - Slapshot by Dan Renouf.
14:30 of 2nd period - Shot Misses the Net.
14:55 of 2nd period - Snap shot by Markus Granlund.
14:55 of 2nd period - Shot Blocked by Justin Bailey.
14:57 of 2nd period - Wrist shot by Joel Armia.
14:57 of 2nd period - Shot Blocked by Hudson Fasching.
14:59 of 2nd period - Slapshot by Anton Gustafsson.
14:59 of 2nd period - Goal by Anton Gustafsson - Admirals : 1 - Comets : 2.
15:00 of 2nd period - Nicolas Petan wins face-off versus Lucas Wallmark in neutral zone.
15:05 of 2nd period - Snap shot by Teemu Pulkkinen.
15:05 of 2nd period - Stopped by Tristan Jarry without a rebound.
15:06 of 2nd period - Nicolas Petan wins face-off versus Lucas Wallmark in Admirals zone.
15:13 of 2nd period - Snap shot by Teemu Pulkkinen.
15:13 of 2nd period - Stopped by Tristan Jarry with a rebound.
15:15 of 2nd period - Wrist shot by Dennis Everberg.
15:15 of 2nd period - Deflect By Nicolas Petan.
15:15 of 2nd period - Shot Blocked by Andreas Englund.
15:15 of 2nd period - Puck is out of play.
15:16 of 2nd period - Nicolas Petan wins face-off versus Joel Armia in Admirals zone.
16:10 of 2nd period - Freddie Hamilton is hit by Tyler Graovac and loses puck.
16:35 of 2nd period - Snap shot by Michael Joly.
16:35 of 2nd period - Deflect By Rasmus Asplund.
16:35 of 2nd period - Stopped by Tristan Jarry with a rebound.
17:04 of 2nd period - Lucas Wallmark is hit by Nicolas Petan.
17:28 of 2nd period - Slapshot by Dennis Everberg.
17:28 of 2nd period - Shot Misses the Net.
17:30 of 2nd period - Slapshot by Oliver Kylington.
17:30 of 2nd period - Stopped by Tristan Jarry with a rebound.
17:32 of 2nd period - Snap shot by Oliver Kylington.
17:32 of 2nd period - Stopped by Tristan Jarry with a rebound.
17:40 of 2nd period - Wrist shot by Dennis Everberg.
17:40 of 2nd period - Stopped by Tristan Jarry with a rebound.
17:42 of 2nd period - Snap shot by Nicolas Petan.
17:42 of 2nd period - Stopped by Tristan Jarry with a rebound.
17:44 of 2nd period - Snap shot by Dennis Everberg.
17:44 of 2nd period - Shot Blocked by T.J Brodie.
17:48 of 2nd period - Snap shot by Nicolas Petan.
17:48 of 2nd period - Stopped by Tristan Jarry without a rebound.
17:49 of 2nd period - Anton Gustafsson wins face-off versus Chandler Stephenson in Admirals zone.
18:41 of 2nd period - Snap shot by Brett Connolly.
18:41 of 2nd period - Deflect By Nolan Vesey.
18:41 of 2nd period - Goal by Nolan Vesey - Admirals : 2 - Comets : 2.
18:42 of 2nd period - Anton Gustafsson wins face-off versus Nicolas Petan in neutral zone.
18:56 of 2nd period - Anton Gustafsson is hit by Teemu Pulkkinen and loses puck.
19:31 of 2nd period - Slapshot by Joel Armia.
19:31 of 2nd period - Stopped by Casey DeSmith with a rebound.
19:33 of 2nd period - Slapshot by T.J Brodie.
19:33 of 2nd period - Stopped by Casey DeSmith with a rebound.
19:35 of 2nd period - Slapshot by T.J Brodie.
19:35 of 2nd period - Deflect By Anton Gustafsson.
19:35 of 2nd period - Shot Misses the Net.
19:35 of 2nd period - Puck is out of play.
19:36 of 2nd period - Lucas Wallmark wins face-off versus Chandler Stephenson in Comets zone.
19:39 of 2nd period - Snap shot by Mark McNeill.
19:39 of 2nd period - Stopped by Casey DeSmith without a rebound.
19:40 of 2nd period - Chandler Stephenson wins face-off versus Lucas Wallmark in Comets zone.
19:49 of 2nd period - Snap shot by Juuso Riikola.
19:49 of 2nd period - Stopped by Tristan Jarry with a rebound.
19:51 of 2nd period - Slapshot by Juuso Riikola.
19:51 of 2nd period - Shot Misses the Net.
Goals for this period are 2 for Admirals vs 2 for Comets.
Shots for this period are 10 for Admirals vs 16 for Comets.
3rd period
0:01 of 3rd period - Nicolas Petan wins face-off versus Anton Gustafsson in neutral zone.
0:53 of 3rd period - Brett Connolly is hit by Juho Lammikko and loses puck.
1:14 of 3rd period - Slapshot by Travis Dermott.
1:14 of 3rd period - Shot Blocked by Oliver Kylington.
1:16 of 3rd period - Slapshot by Travis Dermott.
1:16 of 3rd period - Shot Blocked by Oliver Kylington.
1:33 of 3rd period - Teemu Pulkkinen is hit by Anton Gustafsson and loses puck.
1:44 of 3rd period - Teemu Pulkkinen is hit by Markus Granlund and loses puck.
1:48 of 3rd period - Icing by Nicolas Petan.
1:49 of 3rd period - Lucas Wallmark wins face-off versus Nicolas Petan in Comets zone.
1:52 of 3rd period - Snap shot by Mark McNeill.
1:52 of 3rd period - Shot Blocked by Adam Ollas-Mattsson.
1:54 of 3rd period - Wrist shot by Mark McNeill.
1:54 of 3rd period - Stopped by Casey DeSmith with a rebound.
2:34 of 3rd period - Brett Connolly is hit by Tyler Graovac.
2:44 of 3rd period - Snap shot by Tyler Graovac.
2:44 of 3rd period - Stopped by Tristan Jarry without a rebound.
2:45 of 3rd period - Anton Gustafsson wins face-off versus Tyler Graovac in Admirals zone.
3:21 of 3rd period - Slapshot by Lucas Wallmark.
3:21 of 3rd period - Shot Blocked by William Lagesson.
3:23 of 3rd period - Wrist shot by Lucas Wallmark.
3:23 of 3rd period - Goal by Lucas Wallmark - Admirals : 3 - Comets : 2.
3:24 of 3rd period - Anton Gustafsson wins face-off versus Nicolas Petan in neutral zone.
3:30 of 3rd period - Off-side.
3:31 of 3rd period - Nicolas Petan wins face-off versus Anton Gustafsson in neutral zone.
3:34 of 3rd period - Slapshot by Oliver Kylington.
3:34 of 3rd period - Stopped by Tristan Jarry without a rebound.
3:35 of 3rd period - Nicolas Petan wins face-off versus Anton Gustafsson in Admirals zone.
4:28 of 3rd period - Off-side.
4:29 of 3rd period - Nicolas Petan wins face-off versus Anton Gustafsson in neutral zone.
4:42 of 3rd period - Wrist shot by Markus Granlund.
4:42 of 3rd period - Stopped by Casey DeSmith with a rebound.
4:44 of 3rd period - Slapshot by T.J Brodie.
4:44 of 3rd period - Stopped by Casey DeSmith with a rebound.
5:07 of 3rd period - Slapshot by Chandler Stephenson.
5:07 of 3rd period - Stopped by Tristan Jarry with a rebound.
5:17 of 3rd period - Oliver Kylington is hit by Nolan Vesey and loses puck.
5:53 of 3rd period - Minor Penalty to Dennis Everberg for Hooking.
5:54 of 3rd period - Anton Gustafsson wins face-off versus Brandon Biro in Comets zone.
6:21 of 3rd period - Hunter Shinkaruk is hit by Chandler Stephenson and loses puck.
6:52 of 3rd period - Chandler Stephenson is hit by Anton Gustafsson and loses puck.
7:53 of 3rd period - Penalty to Dennis Everberg is over, Dennis Everberg is back on ice.
10:03 of 3rd period - T.J Brodie is hit by Mackenzie MacEachern and loses puck.
10:23 of 3rd period - T.J Brodie is hit by Justin Bailey and loses puck.
10:32 of 3rd period - Mattias Backman is hit by Nicolas Petan and loses puck.
10:49 of 3rd period - Wrist shot by Anton Gustafsson.
10:49 of 3rd period - Deflect By Anton Karlsson.
10:49 of 3rd period - Stopped by Casey DeSmith with a rebound.
11:37 of 3rd period - Snap shot by Brett Connolly.
11:37 of 3rd period - Shot Blocked by Dan Renouf.
11:39 of 3rd period - Slapshot by Nolan Vesey.
11:39 of 3rd period - Stopped by Casey DeSmith with a rebound.
11:41 of 3rd period - Snap shot by Brett Connolly.
11:41 of 3rd period - Shot Misses the Net.
11:43 of 3rd period - Backhand shot by Nolan Vesey.
11:43 of 3rd period - Stopped by Casey DeSmith without a rebound.
11:44 of 3rd period - Anton Gustafsson wins face-off versus Nicolas Petan in Comets zone.
12:05 of 3rd period - Minor Penalty to Dennis Everberg for Hooking.
12:06 of 3rd period - Brandon Biro wins face-off versus Anton Gustafsson in Comets zone.
12:19 of 3rd period - Wrist shot by Markus Granlund.
12:19 of 3rd period - Stopped by Casey DeSmith without a rebound.
12:20 of 3rd period - Anton Gustafsson wins face-off versus Brandon Biro in Comets zone.
12:28 of 3rd period - Slapshot by T.J Brodie.
12:28 of 3rd period - Stopped by Casey DeSmith without a rebound.
12:29 of 3rd period - Brandon Biro wins face-off versus Anton Gustafsson in Comets zone.
12:57 of 3rd period - Off-side.
12:58 of 3rd period - Lucas Wallmark wins face-off versus Brandon Biro in neutral zone.
13:03 of 3rd period - Wrist shot by Travis Dermott.
13:03 of 3rd period - Deflect By Adam Ollas-Mattsson.
13:03 of 3rd period - Stopped by Casey DeSmith with a rebound.
13:07 of 3rd period - Slapshot by Travis Dermott.
13:07 of 3rd period - Shot Blocked by Dan Renouf.
14:05 of 3rd period - Penalty to Dennis Everberg is over, Dennis Everberg is back on ice.
14:22 of 3rd period - Wrist shot by Nolan Vesey.
14:22 of 3rd period - Stopped by Casey DeSmith with a rebound.
14:34 of 3rd period - Carl Dahlstrom is hit by Dennis Everberg and loses puck.
15:05 of 3rd period - Snap shot by Michael Joly.
15:05 of 3rd period - Stopped by Tristan Jarry with a rebound.
15:19 of 3rd period - Wrist shot by Lucas Wallmark.
15:19 of 3rd period - Shot Misses the Net.
15:21 of 3rd period - Snap shot by Hunter Shinkaruk.
15:21 of 3rd period - Shot Blocked by Chandler Stephenson.
15:32 of 3rd period - Minor Penalty to Riley Barber for Hooking.
15:33 of 3rd period - Nicolas Petan wins face-off versus Markus Granlund in Admirals zone.
15:34 of 3rd period - Wrist shot by Dennis Everberg.
15:34 of 3rd period - Shot Blocked by T.J Brodie.
17:32 of 3rd period - Penalty to Riley Barber is over, Riley Barber is back on ice.
17:40 of 3rd period - Riley Barber is hit by Juho Lammikko and loses puck.
17:59 of 3rd period - Slapshot by Mattias Backman.
17:59 of 3rd period - Stopped by Casey DeSmith with a rebound.
18:01 of 3rd period - Snap shot by Freddie Hamilton.
18:01 of 3rd period - Goal by Freddie Hamilton - Admirals : 4 - Comets : 2.
18:02 of 3rd period - Freddie Hamilton wins face-off versus Juho Lammikko in neutral zone.
18:12 of 3rd period - Snap shot by Brett Connolly.
18:12 of 3rd period - Stopped by Casey DeSmith with a rebound.
18:14 of 3rd period - Slapshot by Andreas Englund.
18:14 of 3rd period - Deflect By Oliver Kylington.
18:14 of 3rd period - Stopped by Casey DeSmith with a rebound.
18:16 of 3rd period - Wrist shot by Freddie Hamilton.
18:16 of 3rd period - Stopped by Casey DeSmith with a rebound.
18:18 of 3rd period - Wrist shot by Freddie Hamilton.
18:18 of 3rd period - Stopped by Casey DeSmith with a rebound.
18:28 of 3rd period - Juho Lammikko is hit by Andreas Englund and loses puck.
19:00 of 3rd period - Slapshot by Dan Renouf.
19:00 of 3rd period - Stopped by Tristan Jarry with a rebound.
19:02 of 3rd period - Slapshot by Adam Ollas-Mattsson.
19:02 of 3rd period - Stopped by Tristan Jarry with a rebound.
19:04 of 3rd period - Slapshot by Adam Ollas-Mattsson.
19:04 of 3rd period - Deflect By Lucas Wallmark.
19:04 of 3rd period - Stopped by Tristan Jarry with a rebound.
19:06 of 3rd period - Slapshot by Adam Ollas-Mattsson.
19:06 of 3rd period - Stopped by Tristan Jarry without a rebound.
19:07 of 3rd period - Freddie Hamilton wins face-off versus Nicolas Petan in Admirals zone.
19:50 of 3rd period - Slapshot by Sami Niku.
19:50 of 3rd period - Shot Misses the Net.
19:52 of 3rd period - Slapshot by Sami Niku.
19:52 of 3rd period - Shot Blocked by Travis Dermott.
19:54 of 3rd period - Slapshot by Sami Niku.
19:54 of 3rd period - Shot Blocked by Andreas Englund.
19:56 of 3rd period - Slapshot by William Lagesson.
19:56 of 3rd period - Stopped by Tristan Jarry without a rebound.
19:57 of 3rd period - Lucas Wallmark wins face-off versus Nicolas Petan in Admirals zone.
Goals for this period are 2 for Admirals vs 0 for Comets.
Shots for this period are 17 for Admirals vs 9 for Comets.